Map: [ESL] Hecate

Players

trigger

  • Race: Protoss Protoss
  • League: Grandmaster
  • Spawn Location: 1:00

HeroMarine - Winner!

  • Race: Terran Terran
  • Spawn Location: 7:00

Event: HomeStory Cup XXIV

VOD

Have the link to the VOD?

Description

Time

  • Played on: Dec. 2, 2023, 1:05 p.m.
  • Length: 8:58

All games in this series

Show
View Real Time Build Order
Export as new Build Order

trigger Protoss 

Build Orders: 1 Gate Expand, Blink Stalkers 

Get SALT Encoding   

  12  0:00  Probe  
  13  0:12  Probe  
  14  0:16  Pylon  
  14  0:24  Probe (Chrono Boost)  
  15  0:35  Gateway  
  16  0:36  Probe (Chrono Boost)  
  16  0:41  Probe (Chrono Boost)  
  17  0:44  Assimilator  
  17  0:51  Probe  
  18  1:03  Probe  
  19  1:15  Probe  
  20  1:22  Cybernetics Core  
  20  1:31  Nexus  
  20  1:34  Probe  
  21  1:42  Pylon  
  21  1:48  Assimilator  
  21  1:51  Probe  
  22  1:57  Adept (Chrono Boost)  
  22  2:00  Warp Gate  
  24  2:05  Probe  
  25  2:17  Stalker (Chrono Boost), Probe  
  28  2:29  Probe  
  29  2:30  Twilight Council  
  29  2:43  Probe x2 (Chrono Boost)  
  30  2:55  Probe (Chrono Boost)  
  30  2:58  Probe (Chrono Boost)  
  32  3:00  Gateway, Probe (Chrono Boost)  
  32  3:04  Blink (Chrono Boost)  
  34  3:05  Probe (Chrono Boost)  
  34  3:10  Probe (Chrono Boost)  
  35  3:14  Robotics Facility  
  36  3:22  Probe (Chrono Boost)  
  36  3:23  Probe (Chrono Boost)  
  37  3:28  Probe (Chrono Boost)  
  37  3:32  Probe  
  39  3:37  Probe  
  40  3:41  Gateway x2  
  40  3:45  Probe  
  41  3:51  Stalker  
  41  3:54  Probe  
  41  3:55  Stalker  
  46  3:57  Pylon  
  46  3:58  Pylon  
  44  4:03  Warp Prism (Chrono Boost)  
  46  4:15  Stalker  
  48  4:18  Stalker  
  48  4:20  Assimilator  
  48  4:23  Probe x2  
  52  4:32  Observer  
  52  4:35  Stalker x2  
  57  4:38  Stalker  
  57  4:41  Pylon  
  55  5:13  Stalker x2  
  55  5:14  Probe x2  
  61  5:17  Stalker  
  61  5:19  Zealot  
  65  5:26  Probe x2  
  65  5:34  Nexus  
  65  5:38  Probe, Pylon  
  65  5:40  Probe  
  67  5:46  Forge  
  67  5:49  Stalker  
  69  5:50  Probe  
  69  5:56  Probe  
  70  6:02  Probe  
  71  6:08  Probe  
  68  6:14  Probe (Chrono Boost)  
  68  6:16  Gateway  
  68  6:17  Charge (Chrono Boost)  
  69  6:19  Gateway  
  69  6:20  Protoss Ground Weapons Level 1 (Chrono Boost), Probe (Chrono Boost)  
  71  6:26  Probe (Chrono Boost)  
  71  6:31  Probe (Chrono Boost)  
  72  6:33  Zealot x2, Probe (Chrono Boost)  
  72  6:35  Probe (Chrono Boost)  
  72  6:37  Shield Battery  
  70  6:42  Stalker x2  
  74  6:54  Stalker x2  
  78  6:57  Shield Battery  
  76  7:06  Zealot x2  
  79  7:13  Stalker  
  75  7:26  Probe  
  75  7:28  Stalker x2  
  75  7:29  Stalker x2  
  75  7:31  Probe  
  67  7:37  Zealot x2  
  67  7:38  Probe  
  67  7:39  Assimilator, Probe  
  67  7:41  Immortal (Chrono Boost)  
  73  7:52  Robotics Bay, Stalker x4  
  73  7:55  Probe x2  
  73  7:56  Probe  
  84  8:01  Pylon  
  84  8:03  Pylon  
  84  8:19  Pylon  
  84  8:21  Stalker x2  
  84  8:23  Zealot x2  
  92  8:30  Probe x2  
  92  8:32  Nexus, Zealot x2  
  94  8:47  Zealot  
Show
View Real Time Build Order
Export as new Build Order

HeroMarine Terran - Winner!

Build Orders: Reaper Expand 

Get SALT Encoding   

  12  0:00  SCV  
  13  0:12  SCV  
  14  0:17  Supply Depot  
  14  0:24  SCV  
  15  0:38  SCV  
  15  0:40  Barracks  
  16  0:43  Refinery  
  16  0:50  SCV  
  17  1:02  SCV  
  18  1:15  SCV  
  19  1:27  Orbital Command, Reaper  
  20  1:42  Command Center  
  20  1:49  Supply Depot  
  20  1:52  SCV  
  21  1:59  Marine  
  22  2:05  SCV  
  23  2:09  Factory  
  23  2:16  Bunker  
  23  2:17  SCV  
  23  2:18  Marine  
  23  2:22  Refinery  
  25  2:29  SCV  
  26  2:37  Barracks Reactor  
  26  2:41  SCV  
  26  2:53  SCV  
  26  2:54  Orbital Command  
  26  2:55  Hellion  
  26  2:57  Starport  
  29  3:05  SCV  
  30  3:12  Marine  
  30  3:13  Marine  
  30  3:17  SCV, Widow Mine  
  30  3:19  SCV  
  36  3:29  SCV, Supply Depot  
  36  3:30  Marine  
  36  3:31  SCV, Marine  
  36  3:33  Medivac  
  42  3:38  Widow Mine  
  44  3:41  SCV  
  44  3:44  SCV  
  46  3:50  Marine x2  
  46  3:53  SCV, Supply Depot  
  49  3:56  SCV  
  49  4:01  Factory Tech Lab  
  50  4:04  Starport Tech Lab  
  50  4:05  Refinery  
  50  4:06  SCV  
  50  4:07  Barracks  
  50  4:08  Marine x2, SCV  
  54  4:15  Supply Depot  
  54  4:18  SCV  
  54  4:20  Siege Tank, SCV  
  54  4:23  Raven  
  61  4:28  Supply Depot  
  61  4:30  Interference Matrix, SCV  
  62  4:37  Barracks, SCV  
  63  4:41  Engineering Bay  
  63  4:44  SCV  
  64  4:47  Marine x2  
  64  4:49  SCV  
  67  4:54  Siege Tank  
  67  4:56  SCV  
  67  4:58  Supply Depot  
  69  5:01  SCV  
  69  5:04  Marine x2  
  72  5:08  SCV  
  72  5:13  SCV  
  74  5:15  Terran Infantry Weapons Level 1  
  74  5:19  Marine  
  74  5:20  SCV  
  76  5:22  Marine, Supply Depot  
  76  5:25  SCV  
  77  5:32  SCV  
  77  5:34  Siege Tank  
  81  5:37  SCV  
  81  5:38  Refinery  
  81  5:39  Barracks Tech Lab, Supply Depot  
  81  5:41  Stimpack, Marine x2  
  84  5:42  Starport Reactor  
  84  5:44  SCV  
  84  5:49  Supply Depot  
  85  5:55  Marine  
  85  5:57  SCV x2  
  85  5:58  Marine  
  86  6:06  Siege Tank  
  86  6:09  SCV x2, Marine x2  
  91  6:11  Combat Shield  
  91  6:12  Marine  
  90  6:22  Marine  
  91  6:27  Command Center, Marine  
  91  6:28  Marine  
  91  6:30  SCV x2, Marine  
  93  6:42  Medivac, SCV x2  
  93  6:46  Medivac  
  95  6:55  Barracks, Marauder  
  95  6:57  Factory Reactor  
  95  6:58  Barracks  
  95  6:59  Marauder  
  98  7:02  SCV x2  
  98  7:06  Marine x2  
  98  7:12  Medivac  
  98  7:16  Medivac  
  98  7:17  Marauder  
  98  7:21  Marauder  
  104  7:24  Marine  
  102  7:32  Marine  
  102  7:36  Widow Mine x2  
  100  7:38  Marauder  
  100  7:41  Marine  
  100  7:42  Marauder, SCV x2  
  107  7:46  Barracks Reactor, Medivac x2  
  107  7:51  Marauder  
  110  7:54  SCV x2  
  112  7:59  Supply Depot  
  112  8:00  Marauder  
  112  8:01  Supply Depot, Widow Mine x2  
  112  8:04  Marauder  
  120  8:06  SCV x2  
  120  8:10  Marine x2  
  120  8:12  Orbital Command, Marauder  
  125  8:17  Armory  
  125  8:20  Viking  
  125  8:21  Marauder  
  125  8:25  Marauder, Marine x2  
  133  8:29  Marine x2  
  133  8:34  Marauder  
  134  8:47  Missile Turret  
  136  8:54  Refinery x2  
Tags
 
Add a new tag
Caveats
  • Supply blocks, unpowered buildings, or Contaminate may cause inaccurate times.
  • Supply counts are checked every 10 seconds.